 Dungeon Crawl Stone Soup version 0.23-a0-625-g1d2cd9b (webtiles) character file.

362 mhoghedin the Skirmisher (level 6, -4/40 HPs)
             Began as a Kobold Berserker on Dec 25, 2018.
             Was a Believer of Trog.
             Killed by divine providence
             ... invoked by an orc priest
              (15 damage)
             ... on level 3 of the Dungeon.
             The game lasted 00:04:28 (2872 turns).

mhoghedin the Skirmisher (Kobold Berserker)         Turns: 2872, Time: 00:04:28

Health: -4/40      AC:  4    Str: 16    XL:     6   Next: 99%
Magic:  6/6        EV: 17    Int:  8    God:    Trog [**....]
Gold:   170        SH:  0    Dex: 15    Spells: 5/5 levels left

rFire    . . .     SeeInvis .   p - +2 quarterstaff (chaos)
rCold    . . .     Gourm    .   (shield currently unavailable)
rNeg     . . .     Faith    .   b - +0 animal skin
rPois    .         Spirit   .   (no helmet)
rElec    .         Reflect  .   o - +1 cloak
rCorr    .         Harm     .   (no gloves)
MR       ++...                  (no boots)
Stlth    ++........             h - amulet of inaccuracy (curse)
HPRegen  1.13/turn              (no ring)
MPRegen  0.10/turn              (no ring)

@: regenerating
A: small, carnivore
a: Berserk, Trog's Hand, Renounce Religion


You were on level 3 of the Dungeon.
You worshipped Trog.
Trog was pleased with you.
You were very full.

You visited 1 branch of the dungeon, and saw 3 of its levels.

You collected 170 gold pieces.

Inventory:

Hand Weapons
 a - a +0 short sword
 p - a +2 quarterstaff of chaos (weapon)
   (You took it off Crazy Yiuf on level 2 of the Dungeon)
Armour
 b - a +0 animal skin (worn)
 e - a +0 pair of boots
   (You found it on level 3 of the Dungeon)
 o - a +1 cloak (worn)
   (You took it off Crazy Yiuf on level 2 of the Dungeon)
Jewellery
 h - a cursed amulet of inaccuracy (around neck)
   (You found it on level 1 of the Dungeon)
Wands
 l - a wand of clouds (4)
   (You found it on level 2 of the Dungeon)
Scrolls
 d - 4 scrolls of teleportation
 g - a scroll of identify
Potions
 f - a potion of might
 i - 2 potions of brilliance
Comestibles
 c - 5 rations


   Skills:
 + Level 5.1 Fighting
 - Level 4.8 Short Blades
 + Level 2.3 Staves
 - Level 1.5 Armour
 + Level 4.9 Dodging
 - Level 2.5 Stealth


You had 5 spell levels left.
You didn't know any spells.
Your spell library was empty.

Dungeon Overview and Level Annotations

Branches:
Dungeon (3/15)

Altars:
Uskayaw
Yredelemnul

Annotations:
D:2 1 runed door


Innate Abilities, Weirdness & Mutations

You are small and have problems with some larger weapons.
You are carnivorous and can eat meat at any time.


Message History

No target in view!
No target in view!
No target in view!
No target in view!
You see here a bat corpse.
You see here 19 stones.
You enter the shallow water.
Moving in this stuff is going to be slow.
Some of the chunks of flesh in your inventory have rotted away.
You see here an adder corpse.
d - 4 scrolls of teleportation (gained 1)
The orc is too close now for your liking.
An orc is nearby!
A shadow imp comes into view.
The orc shouts!
You sock the shadow imp!
You kill the shadow imp!
Trog accepts your kill.
You hit the orc.
The orc appears confused.
The orc hits you with a +2 flail of holy wrath.
You take 1 damage, and have 39/40 hp.
You strike the helpless orc from behind!
You hit the orc.
You feel uncomfortable. The orc hits you but does no damage.
You sock the orc!
You kill the orc!
Trog accepts your kill.
No target in view!
No target in view!
No target in view!
No target in view!
No target in view!
No target in view!
No target in view!
No target in view!
No target in view!
No target in view!
No target in view!
No target in view!
No target in view!
No target in view!
Things that are here:
a +2 flail of holy wrath; a +0 ring mail; an orc corpse Some of the chunks of flesh in your inventory have rotted away.
There is a stone staircase leading down here.
Found a stone staircase leading up.
An adder comes into view.
Health restored: 40 The helpless adder fails to defend itself.
You hit the adder. Lightning courses through the adder!
You kill the adder!
Trog accepts your kill.
No target in view!
No target in view!
No target in view!
No target in view!
No target in view!
No target in view!
No target in view!
No target in view!
No target in view!
No target in view!
No target in view!
No target in view!
No target in view!
No target in view!
No target in view!
All of the chunks of flesh in your inventory have rotted away.
g - a scroll of identify An orc comes into view.
It is wielding a +1 flail of draining.
An orc is nearby!
There is a stone staircase leading down here.
An orc priest comes into view. It is wielding a +0 dagger.
The orc misses you.
You closely miss the orc.
The orc priest shouts!
You sock the orc!
You kill the orc!
Trog accepts your kill.
The orc priest mumbles some strange prayers to Beogh against you.
Pain shoots through your body!
Things that are here:
a +1 flail of draining; a scroll labeled LOACVO JUARPH The orc priest invokes the aid of Beogh against you.
Beogh smites you!
You are too injured to fight recklessly!
You are too injured to fight recklessly!
You are too injured to fight recklessly!
You are too injured to fight recklessly!
You are too injured to fight recklessly!
You take 23 damage, and have 17/40 hp.
MASSIVE DAMAGE!!
Your skin crawls.
You feel resistant to hostile enchantments.
The orc priest calls down the wrath of Beogh upon you.
Beogh smites you!
* * * LOW HITPOINT WARNING * * *
You take 7 damage, and have 10/40 hp.
The orc priest invokes the aid of Beogh against you.
Beogh smites you!
You die...

#.......# #.###<#.#######.##
#####....<..# #.#...............
#...#..##.#.# #.#...#.###.....##
#.#.#.......# #)#...#.......≈≈≈≈
#.#.##.##.### #)##..(.....≈≈≈♣≈≈
#.........#####)#.......<≈†♣≈PP≈
###.##.#......#.#........P≈≈≈≈≈≈
#.##.....##...........♣≈PPP≈♣≈
#........>.).@o......≈♣≈≈♣≈≈P≈
#####....######.#....♣♣≈≈≈≈PP≈
######.........#.≈≈P≈≈≈≈≈≈
#.####....##.♣♣♣P≈≈≈≈ #.#
####.##.#≈♣≈≈≈♣≈ #.#
#.......#♣≈♣≈≈≈ ######.###
#.......#≈♣♣P♣P #...(....#
#.......##.#≈♣♣ ####........#
#.......##^#.##


You could see an orc priest.

Vanquished Creatures
  Sigmund (D:3)
  Crazy Yiuf (D:2)
  2 orc wizards (D:3)
  3 adders (D:3)
  A shadow imp (D:3)
  2 oozes
  A worm (D:2)
  3 dart slugs
  11 orcs (D:3)
  6 bats
  4 giant cockroaches
  6 hobgoblins
  2 jackals (D:1)
  A quokka (D:2)
  4 frilled lizards
  4 goblins (D:1)
  A jackal skeleton (D:2)
  4 kobolds
  6 rats
  A fungus (D:2)
64 creatures vanquished.

Notes
Turn   | Place    | Note
-------+----------+-------------------------------------------
     0 | D:1      | mhoghedin the Kobold Berserker began the quest for the Orb.
     0 | D:1      | Reached XP level 1. HP: 14/14 MP: 1/1
   200 | D:1      | HP: 2/14 [hobgoblin (4)]
   547 | D:1      | Reached XP level 2. HP: 19/19 MP: 2/2
   656 | D:1      | Reached skill level 1 in Stealth
   694 | D:1      | Reached XP level 3. HP: 18/23 MP: 3/3
   717 | D:1      | Reached skill level 3 in Dodging
   963 | D:1      | Reached ** piety under Trog
  1439 | D:2      | Found a runed door.
  1439 | D:2      | Noticed a human
  1442 | D:2      | Found a basalt altar of Yredelemnul.
  1668 | D:2      | Reached skill level 2 in Stealth
  1680 | D:2      | Reached XP level 4. HP: 22/29 MP: 4/4
  1916 | D:2      | Found a hide-covered altar of Uskayaw.
  2008 | D:2      | Found a runed door.
  2012 | D:2      | Noticed Crazy Yiuf
  2016 | D:2      | Killed Crazy Yiuf
  2016 | D:2      | Reached skill level 4 in Fighting
  2182 | D:3      | Reached XP level 5. HP: 28/33 MP: 5/5
  2573 | D:3      | Noticed Sigmund
  2581 | D:3      | Killed Sigmund
  2581 | D:3      | Reached skill level 2 in Staves
  2581 | D:3      | Reached skill level 4 in Dodging
  2581 | D:3      | Reached XP level 6. HP: 40/40 MP: 6/6
  2620 | D:3      | Reached skill level 5 in Fighting
  2871 | D:3      | HP: 10/40 [orc priest/divine providence (9)]
  2872 | D:3      | Killed from afar by an orc priest

Vault maps used:
D:1:      minmay_arrival_open_corners, nrook_mini_backslash
D:2:      lemuel_crystal_altar, dk_yredelemnul_ordeal, uniq_crazy_yiuf_cottage
D:3:      serial_bayou_lake_a, uniq_sigmund

Skill      XL: |  1  2  3  4  5  6 |
---------------+-------------------+-----
Stealth        | 1 2 |  2.5
Dodging        | 3 4 |  4.9
Fighting       | 4 5 |  5.1
Staves         | 2 |  2.3
Short Blades   | |  4.8
Armour         | |  1.5

Action                   |  1- 3 |  4- 6 || total
-------------------------+-------+-------++-------
Melee: Short sword       |   138 |    36 ||   174
       Quarterstaff      |       |    71 ||    71
Invok: Berserk           |     2 |     1 ||     3
       Trog's Hand       |       |     3 ||     3
Evoke: Wand              |       |     1 ||     1
  Use: Scroll            |     2 |     4 ||     6
       Potion            |       |     3 ||     3
 Stab: Sleeping          |     4 |     2 ||     6
       Confused          |       |     1 ||     1
  Eat: Chunk             |     5 |    13 ||    18
Armor: Animal skin       |    14 |     9 ||    23
Dodge: Dodged            |   109 |    56 ||   165

Table legend:
 A = Non-vault XP
 B = Vault XP
 C = Vault XP percentage of total XP
 D = Non-vault monster count
 E = Vault monster count
 F = Vault count percentage of total count
                 A         B        C        D         E       F
            +---------+---------+-------+---------+---------+-------
      Total |     255 |     263 |  50.8 |      60 |       3 |   4.8
            +---------+---------+-------+---------+---------+-------
        D:1 |      43 |       0 |   0.0 |      23 |       0 |   0.0
        D:2 |      32 |      43 |  57.3 |      13 |       2 |  13.3
        D:3 |     180 |     220 |  55.0 |      24 |       1 |   4.0
            +---------+---------+-------+---------+---------+-------

Vault maps used:
D:1:      minmay_arrival_open_corners, nrook_mini_backslash
D:2:      lemuel_crystal_altar, dk_yredelemnul_ordeal, uniq_crazy_yiuf_cottage
D:3:      serial_bayou_lake_a, uniq_sigmund

Table legend:
 A = Turns spent in this place as a percentage of turns spent in the entire game.
 B = Non-inter-level travel turns spent in this place as a percentage of non-inter-level travel turns spent in the entire game.
 C = Inter-level travel turns spent in this place as a percentage of turns spent in this place.
 D = Turns resting spent in this place as a percentage of non-inter-level travel turns spent in this place.
 E = Turns spent auto-exploring this place as a percentage of non-inter-level travel turns spent in this place.
 F = Non-inter-level travel turns spent in this place divided by the number of levels of this place that you've seen.
                   A       B       C       D       E      F
               +-------+-------+-------+-------+-------+----------------------
         Total | 100.0 | 100.0 |   1.3 |  30.7 |  49.7 | 945.0
       Dungeon | 100.0 | 100.0 |   1.3 |  30.7 |  49.7 | 945.0
               +-------+-------+-------+-------+-------+----------------------

Table legend:
 A = Kills in this place as a percentage of kills in entire the game.
 B = Kills by you in this place as a percentage of kills by you in the entire game.
 C = Kills by friends in this place as a percentage of kills by friends in the entire game.
 D = Other kills in this place as a percentage of other kills in the entire game.
 E = Experience gained in this place as a percentage of experience gained in the entire game.
 F = Experience gained in this place divided by the number of levels of this place that you have seen.
                   A       B       C       D       E      F
               +-------+-------+-------+-------+-------+----------------------
         Total | 100.0 | 100.0 |   N/A |   N/A | 100.0 | 172.7
       Dungeon | 100.0 | 100.0 |   N/A |   N/A | 100.0 | 172.7
               +-------+-------+-------+-------+-------+----------------------
